 Dungeon Crawl Stone Soup version 0.31-a0-819-gf6de2f5ab6 (webtiles) character file.

Game seed: 10889486192497645079

7608 qw the Skirmisher (level 11, -2/71 HPs)
             Began as a Gargoyle Hunter on Sept 23, 2023.
             Slain by a wyvern (9 damage)
             ... on level 9 of the Dungeon.
             The game lasted 00:03:14 (7467 turns).

qw the Skirmisher (Gargoyle Hunter)                 Turns: 7467, Time: 00:03:15

Health: -2/71      AC: 18    Str: 16    XL:     11   Next: 17%
Magic:  11/11      EV: 14    Int:  9    God:
Gold:   336        SH:  0    Dex: 17    Spells: 10/10 levels left

rFire   + . .        Y - +3 orcbow (freeze)
rCold   . . .        (shield currently unavailable)
rNeg    + . .        f - +0 steam dragon scales
rPois   inf          (no helmet)
rElec   +            l - +0 cloak
rCorr   +            n - +2 pair of gloves
SInv    .            (no boots)
Will    .....        (no amulet)
Stlth   ++           j - ring of protection from fire
HPRegen 0.31/turn    c - ring of resist corrosion
MPRegen 0.12/turn

%: no passive effects
@: no status effects
A: sickness immunity, AC +8, negative energy resistance 1, electricity
resistance, torment resistance 1, petrification resistance
a: no special abilities


You were on level 9 of the Dungeon.
You visited 2 branches of the dungeon, and saw 10 of its levels.

You collected 336 gold pieces.


Innate Abilities, Weirdness & Mutations

You are immune to sickness and miasma.
Your stone body is resilient. (AC +8)
You are immune to poison.
You resist negative energy. (rN+)
You are resistant to electric shocks. (rElec)
You are resistant to unholy torment.
You are immune to petrification.


   Skills:
 + Level 9.1 Fighting
 - Level 14.0 Ranged Weapons
 - Level 4.1 Armour
 - Level 4.3 Dodging
 - Level 1.1 Stealth


You had 10 spell levels left.
You didn't know any spells.
Your spell library was empty.

Inventory:

Hand Weapons
 Y - a +3 orcbow of freezing (weapon)
Armour
 f - +0 steam dragon scales (worn)
 h - a +0 helmet
 l - a +0 cloak (worn)
 n - a +2 pair of gloves (worn)
Jewellery
 c - a ring of resist corrosion (right hand)
 i - a ring of positive energy
 j - a ring of protection from fire (left hand)
Scrolls
 a - 2 scrolls of identify
Potions
 b - a potion of resistance
 d - 2 potions of attraction {unknown}
 e - a potion of mutation
 g - 2 potions of might
 m - 2 potions of enlightenment

Dungeon Overview and Level Annotations

Branches:
Dungeon (9/15)             Temple (1/1) D:6            Lair (0/5) D:9
    Orc: D:9-12

Altars:
Ashenzari
Cheibriados
Dithmenos
Elyvilon
Fedhas
Gozag
Hepliaklqana
Kikubaaqudgha
Makhleb
Nemelex Xobeh
Qazlal
Ru
Sif Muna
Trog
Uskayaw
Vehumet
Wu Jian
Xom
Yredelemnul
Zin
The Shining One

Annotations:
D:5 2 transporters, Menkaure


Message History

Enter note:
7455 |||
Found retreat position at 4,3 (floor) with 0 blocking monsters and 1 monsters attacking at destination at distance 4
7455 ||| Stepping ~*~*~tactically~*~*~ (retreating).
The orc wizard hits you with a +0 dagger.
You shoot an arrow.
The arrow hits the hornet but does no damage.
The hornet is heavily wounded.
The hornet stings you but does no damage.
The orc wizard closely misses you.
The hornet stings you but does no damage.
Enter note:
Enter note:
7457 |||
Found retreat position at 3,2 (floor) with 0 blocking monsters and 1 monsters attacking at destination at distance 3
7457 ||| Stepping ~*~*~tactically~*~*~ (retreating).
You shoot an arrow. The arrow hits the hornet.
The arrow freezes the hornet.
The hornet is almost dead.
The hornet stings you!
You shoot an arrow. The arrow barely misses the hornet.
The hornet closely misses you.
The hornet stings you but does no damage.
You shoot an arrow. The arrow closely misses the hornet.
The hornet stings you but does no damage.
You shoot an arrow. The arrow hits the hornet!
The arrow freezes the hornet.
You kill the hornet!
Your Ranged Weapons skill increases to level 14!
You shoot an arrow. The arrow closely misses the wyvern.
The wyvern closely misses you.
You shoot an arrow. The arrow barely misses the wyvern.
The wyvern bites you but does no damage.
You shoot an arrow.
The arrow hits the wyvern but does no damage.
The wyvern misses you. The wyvern bites you.
You shoot an arrow. The arrow hits the wyvern!
The arrow freezes the wyvern.
The wyvern is heavily wounded.
The wyvern closely misses you.
You shoot an arrow. The arrow barely misses the wyvern.
The wyvern closely misses you.
You shoot an arrow. The arrow closely misses the wyvern.
The wyvern bites you!
You die...

.. ..... #. #.#.#
##.###.##.#.# ............#
# ###.##.#.#.##.# #########
..........#... ........#
.#.##.#.#.#.# ........#
.....#.l.# ........#
.#......#@##.#..........##
#......#.#....#...........#
..#........##..............
#.#.#.##.#.##.......####...
.... .............##.....
.# .###.##.......#......
..................P... .#
####........)....>
#....#...).....


You could see a wyvern.

Vanquished Creatures
  A two-headed ogre (D:8)
  Erica (D:8)
  Pikel (D:5)
  An ugly thing (D:8)
  Maggie (D:9)
  Grinder (D:5)
  A hornet (D:9)
  A shadow (D:6)
  A wyvern (D:9)
  5 yaks (D:9)
  2 steam dragons
  3 wargs (D:9)
  2 water moccasins
  Duvessa (D:5)
  A sky beast (D:8)
  2 orc warriors (D:9)
  2 black bears
  An ogre (D:7)
  3 centaurs
  2 lemures (D:5)
  2 phantoms
  Blork the orc (D:5)
  2 bullfrogs
  A gnoll sergeant (D:8)
  5 wights
  Dowan (D:5)
  9 killer bees (D:8)
  3 howler monkeys (D:7)
  4 jellies
  7 hounds
  6 orc priests
  Jessica (D:3)
  5 iguanas
  6 orc wizards
  5 gnolls (D:8)
  10 adders
  A shadow imp (D:5)
  A white imp (D:6)
  An ufetubus (D:4)
  3 worms
  A dart slug (D:1)
  23 orcs
  5 endoplasms
  4 giant cockroaches
  6 goblins
  11 hobgoblins
  5 jackals
  6 kobolds
  4 quokkas
  6 ball pythons
  7 bats
  5 frilled lizards
  8 rats
198 creatures vanquished.

Notes
Turn   | Place    | Note
-------+----------+-------------------------------------------
     0 | D:1      | qw the Gargoyle Hunter began the quest for the Orb.
     0 | D:1      | Reached XP level 1. HP: 12/12 MP: 1/1
     0 | D:1      | 0 ||| qw: Version: 0.3-a-83-gcd0e7d8
     0 | D:1      | 0 ||| qw: Game counter: 1674
     0 | D:1      | 0 ||| qw: Melee chars always use a shield: true
     0 | D:1      | 0 ||| qw: God list: Okawaru
     0 | D:1      | 0 ||| qw: Allow faded altars: false
     0 | D:1      | 0 ||| qw: Do Orc after clearing Dungeon:15 true
     0 | D:1      | 0 ||| qw: Do second Lair branch before Depths: true
     0 | D:1      | 0 ||| qw: Lair rune preference: random
     0 | D:1      | 0 ||| qw: Goals: Normal
     0 | D:1      | 0 ||| PLANNING D:1-11
   104 | D:1      | Reached XP level 2. HP: 17/17 MP: 2/2
   349 | D:1      | Reached XP level 3. HP: 13/21 MP: 3/3
   445 | D:1      | Reached skill level 5 in Ranged Weapons
   796 | D:1      | 796 ||| READING scroll labelled ELUTHR VUNIMN.
   797 | D:1      | 797 ||| READING scroll labelled WIARUP MOOCLIR.
   798 | D:1      | 798 ||| DROPPING scroll of butterflies.
  1294 | D:2      | Reached skill level 3 in Fighting
  1431 | D:2      | Reached XP level 4. HP: 28/28 MP: 4/4
  1618 | D:2      | 1618 ||| UPGRADING to ring of protection from fire.
  1619 | D:2      | 1619 ||| READING 3 scrolls labelled UTEKARPHI KENU.
  1620 | D:2      | 1620 ||| READING scroll labelled HOTHOI QIUME.
  1621 | D:2      | 1621 ||| READING scroll labelled ECVAMN YNLAR.
  1622 | D:2      | 1622 ||| READING 2 scrolls of identify.
  1622 | D:2      | 1622 ||| IDENTIFYING yellow potion
  1623 | D:2      | 1623 ||| DROPPING potion of invisibility.
  1726 | D:3      | Found a glowing golden altar of the Shining One.
  1761 | D:3      | Found a hide-covered altar of Uskayaw.
  1942 | D:3      | 1942 ||| SWAPPING to +0 orcbow.
  1943 | D:3      | 1943 ||| DROPPING +0 shortbow.
  2026 | D:3      | Noticed Jessica
  2036 | D:3      | Killed Jessica
  2205 | D:3      | Found a faded altar of an unknown god.
  2247 | D:3      | Reached XP level 5. HP: 32/32 MP: 5/5
  2269 | D:3      | HP: 7/32 [orc/+0 trident (5)]
  2272 | D:3      | 2272 ||| FLEEEEING.
  2274 | D:3      | 2274 ||| FLEEEEING.
  2278 | D:3      | 2278 ||| FLEEEEING.
  2645 | D:3      | Reached skill level 6 in Ranged Weapons
  2929 | D:3      | 2929 ||| UPGRADING to +0 cloak.
  2934 | D:3      | 2934 ||| UPGRADING to +0 ring mail.
  2944 | D:3      | 2944 ||| DROPPING +0 leather armour.
  2945 | D:3      | 2945 ||| READING 2 scrolls labelled BIMO OMIC.
  2946 | D:3      | 2946 ||| READING scroll of enchant weapon.
  2946 | D:3      | 2946 ||| ENCHANTING +1 orcbow.
  2947 | D:3      | 2947 ||| READING 2 scrolls labelled ONI UCYJASOIJO.
  2952 | D:3      | 2952 ||| READING scroll labelled MENGOPPE YTUNI.
  2953 | D:3      | 2953 ||| READING 2 scrolls labelled DAGUNI QAUSHO.
  2954 | D:3      | 2954 ||| DRINKING 2 emerald potions.
  3058 | D:3      | 3058 ||| READING 2 scrolls of identify.
  3058 | D:3      | 3058 ||| IDENTIFYING viscous brown potion
  3059 | D:3      | 3059 ||| DROPPING potion of lignification.
  3060 | D:3      | 3060 ||| DROPPING potion of berserk rage.
  3061 | D:3      | 3061 ||| DROPPING scroll of vulnerability.
  3100 | D:4      | Noticed a black bear
  3106 | D:4      | Killed a black bear
  3107 | D:4      | Reached XP level 6. HP: 33/38 MP: 6/6
  3241 | D:4      | Found a radiant altar of Vehumet.
  3342 | D:4      | 3342 ||| READING scroll of enchant weapon.
  3342 | D:4      | 3342 ||| ENCHANTING +2 orcbow of freezing.
  3434 | D:4      | Reached XP level 7. HP: 43/43 MP: 7/7
  3692 | D:4      | 3692 ||| DRINKING 2 dark potions.
  3693 | D:4      | 3693 ||| READING 2 scrolls of identify.
  3693 | D:4      | 3693 ||| IDENTIFYING green potion
  3731 | D:5      | Entered Level 5 of the Dungeon
  3762 | D:5      | Reached skill level 7 in Ranged Weapons
  4047 | D:5      | Noticed Pikel
  4048 | D:5      | 4048 ||| Stepping ~*~*~tactically~*~*~ (retreating).
  4049 | D:5      | 4049 ||| RETREEAATING.
  4050 | D:5      | 4050 ||| STILL RETREEAATING.
  4051 | D:5      | 4051 ||| STILL RETREEAATING.
  4052 | D:5      | 4052 ||| FLEEEEING.
  4053 | D:5      | 4053 ||| RETREEAATING.
  4054 | D:5      | 4054 ||| FLEEEEING.
  4055 | D:5      | 4055 ||| FLEEEEING.
  4056 | D:5      | 4056 ||| FLEEEEING.
  4057 | D:5      | 4057 ||| FLEEEEING.
  4058 | D:5      | 4058 ||| FLEEEEING.
  4059 | D:5      | 4059 ||| FLEEEEING.
  4060 | D:5      | 4060 ||| RETREEAATING.
  4070 | D:5      | Killed Pikel
  4071 | D:5      | Reached skill level 9 in Ranged Weapons
  4071 | D:5      | Reached XP level 8. HP: 18/48 MP: 8/8
  4191 | D:5      | Found an opulent altar of Gozag.
  4263 | D:5      | Noticed Grinder
  4272 | D:5      | Killed Grinder
  4364 | D:5      | Found a bloodstained altar of Trog.
  4451 | D:5      | Found an ancient bone altar of Kikubaaqudgha.
  4452 | D:5      | Noticed Menkaure
  4455 | D:5      | Noticed a wraith
  4456 | D:5      | Found a basalt altar of Yredelemnul.
  4470 | D:5      | Noticed Duvessa
  4470 | D:5      | Noticed Dowan
  4483 | D:5      | Killed Duvessa
  4488 | D:5      | Killed Dowan
  4605 | D:5      | Reached skill level 6 in Fighting
  4644 | D:5      | Found a transporter.
  4646 | D:5      | Found a transporter.
  4930 | D:5      | 4930 ||| UPGRADING to ring of resist corrosion.
  4931 | D:5      | 4931 ||| DRINKING 2 black potions.
  4947 | D:6      | Noticed Blork the orc
  4948 | D:6      | 4948 ||| STAIRDANCE
  4955 | D:5      | Killed Blork the orc
  4976 | D:6      | Found a staircase to the Ecumenical Temple.
  4977 | D:6      | 4977 ||| PLANNING TEMPLE
  4984 | Temple   | Entered the Ecumenical Temple
  4985 | Temple   | 4985 ||| PLANNING D:1-11
  5031 | D:6      | 5031 ||| RETREEAATING.
  5032 | D:6      | 5032 ||| STILL RETREEAATING.
  5035 | D:6      | Reached skill level 10 in Ranged Weapons
  5035 | D:6      | Reached XP level 9. HP: 55/55 MP: 9/9
  5341 | D:6      | Found a burning altar of Makhleb.
  5560 | D:6      | 5560 ||| UPGRADING to +0 steam dragon scales.
  5570 | D:6      | 5570 ||| UPGRADING to +2 pair of gloves.
  5575 | D:6      | 5575 ||| DROPPING +0 ring mail.
  5576 | D:6      | 5576 ||| DRINKING 2 sedimented white potions.
  5577 | D:6      | 5577 ||| READING 2 scrolls of identify.
  5577 | D:6      | 5577 ||| IDENTIFYING fizzy brown potion
  5584 | D:7      | 5584 ||| STAIRDANCE
  5666 | D:7      | Reached skill level 3 in Dodging
  5669 | D:7      | Reached skill level 3 in Armour
  5823 | D:7      | Reached skill level 11 in Ranged Weapons
  6035 | D:7      | 6035 ||| DROPPING +6 ring of intelligence.
  6036 | D:7      | 6036 ||| READING scroll labelled IRIENLEAGUCO.
  6078 | D:7      | 6078 ||| READING scroll labelled ICIKHL VUYCOE.
  6079 | D:7      | 6079 ||| READING 2 scrolls of identify.
  6079 | D:7      | 6079 ||| IDENTIFYING murky amethyst potion
  6080 | D:7      | 6080 ||| DROPPING potion of ambrosia.
  6176 | D:8      | Noticed a two-headed ogre
  6195 | D:8      | Killed a two-headed ogre
  6196 | D:8      | Reached skill level 12 in Ranged Weapons
  6196 | D:8      | Reached XP level 10. HP: 33/64 MP: 10/10
  6198 | D:8      | 6198 ||| FLEEEEING.
  6199 | D:8      | 6199 ||| FLEEEEING.
  6200 | D:8      | 6200 ||| FLEEEEING.
  6201 | D:8      | 6201 ||| FLEEEEING.
  6202 | D:8      | 6202 ||| FLEEEEING.
  6203 | D:8      | 6203 ||| FLEEEEING.
  6207 | D:8      | 6207 ||| FLEEEEING.
  6208 | D:8      | 6208 ||| FLEEEEING.
  6209 | D:8      | 6209 ||| FLEEEEING.
  6210 | D:8      | 6210 ||| FLEEEEING.
  6211 | D:8      | 6211 ||| FLEEEEING.
  6212 | D:8      | 6212 ||| FLEEEEING.
  6214 | D:8      | 6214 ||| STAIRDANCE
  6319 | D:8      | 6319 ||| Stepping ~*~*~tactically~*~*~ (retreating).
  6330 | D:8      | Noticed a cyan ugly thing
  6338 | D:8      | 6338 ||| Stepping ~*~*~tactically~*~*~ (retreating).
  6344 | D:8      | Killed a cyan ugly thing
  6481 | D:8      | 6481 ||| DRINKING 2 potions of curing.
  6481 | D:8      | 6481 ||| (to cure confusion)
  6483 | D:8      | 6483 ||| DRINKING potion of curing.
  6483 | D:8      | 6483 ||| (to cure confusion)
  6549 | D:8      | Noticed Erica
  6562 | D:8      | Killed Erica
  6563 | D:8      | Reached skill level 13 in Ranged Weapons
  6631 | D:8      | Found a hazy altar of Hepliaklqana.
  6988 | D:8      | 6988 ||| READING 3 scrolls of identify.
  6988 | D:8      | 6988 ||| IDENTIFYING fizzy blue potion
  6989 | D:8      | 6989 ||| DROPPING potion of brilliance.
  7021 | D:9      | 7021 ||| STAIRDANCE
  7046 | D:9      | 7046 ||| STAIRDANCE
  7074 | D:9      | 7074 ||| STAIRDANCE
  7100 | D:9      | 7100 ||| STAIRDANCE
  7107 | D:9      | 7107 ||| STAIRDANCE
  7333 | D:9      | Reached skill level 9 in Fighting
  7347 | D:9      | Found a staircase to the Lair.
  7348 | D:9      | Noticed Maggie
  7351 | D:9      | 7351 ||| Stepping ~*~*~tactically~*~*~ (retreating).
  7354 | D:9      | 7354 ||| Stepping ~*~*~tactically~*~*~ (retreating).
  7357 | D:9      | 7357 ||| Stepping ~*~*~tactically~*~*~ (retreating).
  7358 | D:9      | 7358 ||| Stepping ~*~*~tactically~*~*~ (retreating).
  7359 | D:9      | 7359 ||| Stepping ~*~*~tactically~*~*~ (retreating).
  7363 | D:9      | 7363 ||| Stepping ~*~*~tactically~*~*~ (retreating).
  7372 | D:9      | Killed Maggie
  7373 | D:9      | Reached XP level 11. HP: 68/71 MP: 11/11
  7413 | D:9      | 7413 ||| RETREEAATING.
  7415 | D:9      | 7415 ||| RETREEAATING.
  7419 | D:9      | 7419 ||| RETREEAATING.
  7446 | D:9      | HP: 14/71 [yak (11)]
  7447 | D:9      | 7447 ||| READING scroll of teleportation.
  7451 | D:9      | 7451 ||| RETREEAATING.
  7452 | D:9      | 7452 ||| Stepping ~*~*~tactically~*~*~ (retreating).
  7455 | D:9      | 7455 ||| Stepping ~*~*~tactically~*~*~ (retreating).
  7455 | D:9      | HP: 16/71 [orc wizard/+0 dagger (1)]
  7457 | D:9      | 7457 ||| Stepping ~*~*~tactically~*~*~ (retreating).
  7462 | D:9      | Reached skill level 14 in Ranged Weapons
  7464 | D:9      | HP: 6/71 [wyvern (5)]
  7467 | D:9      | Slain by a wyvern

Levels and vault maps discovered:
D:1:      onia_arrival_mini_maze, layout_loops_ring
D:2:      kennysheep_six_static_rooms, layout_loops_ring, minmay_door_square
D:3:      minmay_evil_eye, layout_loops_corners, lemuel_doored_altar,
          nicolae_tso_carved_into_rock,
          dreamdust_ecumenical_altar_angels_and_demons, uniq_jessica
D:4:      layout_loops_ring, nicolae_vehumet_radiance
D:5:      layout_loops_corners, mainiacjoe_overflow_small_starburst,
          gammafunk_temple_of_torment, trog_book, grunt_tough_drop,
          uniq_grinder, uniq_duvessa, uniq_pikel
D:6:      layout_cave_pools, makhleb_blood_cavern_becter,
          minmay_temple_entry_statues_fountains, uniq_blork_the_orc
D:7:      layout_basic
D:8:      layout_basic, mainiacjoe_overflow_six_doors_small, st_stairs_5,
          sigmund_army, uniq_erica
D:9:      layout_basic, okawaru_humans, erik_lair_orcish_takeover,
          minmay_diced_spiral, uniq_maggie
Temple:   hellmonk_temple_two_chambers

Skill      XL: |  1  2  3  4  5  6  7  8  9 10 11 |
---------------+----------------------------------+-----
Ranged Weapons | 5 6 9 10 12 13 14 | 14.0
Fighting       | 3 4 6 8 9 |  9.1
Armour         | 2 3 4 |  4.1
Dodging        | 2 3 4 |  4.3
Stealth        | |  1.1

Action                     |  1- 3 |  4- 6 |  7- 9 | 10-12 || total
---------------------------+-------+-------+-------+-------++-------
   Fire: Shortbow          |   139 |    13 |       |       ||   152
         Orcbow            |       |   135 |   247 |   239 ||   621
    Use: Scroll            |     2 |    11 |     5 |     2 ||    20
         Potion            |       |     1 |     3 |     2 ||     6
 Armour: Leather armour    |    40 |    38 |       |       ||    78
         Ring mail         |       |    15 |    54 |       ||    69
         Steam dragon scal |       |       |    51 |   113 ||   164
  Dodge: Dodged            |    33 |    40 |    76 |    84 ||   233

Table legend:
 A = Non-vault XP
 B = Vault XP
 C = Vault XP percentage of total XP
 D = Non-vault monster count
 E = Vault monster count
 F = Vault count percentage of total count
                 A         B        C        D         E       F
            +---------+---------+-------+---------+---------+-------
      Total |    6687 |    4182 |  38.5 |     156 |      40 |  20.4
            +---------+---------+-------+---------+---------+-------
        D:1 |      46 |       2 |   4.2 |      27 |       2 |   6.9
        D:2 |      31 |      13 |  29.5 |      11 |       6 |  35.3
        D:3 |     118 |      57 |  32.6 |      14 |       8 |  36.4
        D:4 |     354 |       0 |   0.0 |      20 |       0 |   0.0
        D:5 |     455 |    1193 |  72.4 |      12 |       7 |  36.8
        D:6 |    1114 |      43 |   3.7 |      17 |       1 |   5.6
        D:7 |     596 |       0 |   0.0 |      13 |       0 |   0.0
        D:8 |    2424 |    1455 |  37.5 |      27 |       5 |  15.6
        D:9 |    1549 |    1419 |  47.8 |      15 |      11 |  42.3
            +---------+---------+-------+---------+---------+-------
